 Dungeon Crawl Stone Soup version 0.23.2-30-g0e89c35649 (webtiles) character file.

Game seed: 7364995987354242079

54159 1994 the Blocker (level 14, -7/70 HPs)
             Began as a Vine Stalker Necromancer on June 14, 2019.
             Was the Champion of Kikubaaqudgha.
             Killed from afar by an ogre mage (46 damage)
             ... with a crystal spear
             ... on level 2 of the Orcish Mines on June 15, 2019.
             The game lasted 02:16:14 (20438 turns).

1994 the Blocker (Vine Stalker Necromancer)        Turns: 20438, Time: 02:16:15

Health: -7/70      AC: 13    Str: 13    XL:     14   Next: 71%
Magic:  0/40       EV: 10    Int: 18    God:    Kikubaaqudgha [******]
Gold:   1450       SH: 12    Dex: 15    Spells: 6/37 levels left

rFire    + . .     SeeInvis .   a - +3 mace (freeze)
rCold    . . .     Gourm    .   i - +0 shield
rNeg     . . .     Faith    .   h - +2 ring mail {MR+}
rPois    .         Spirit   +   Q - +0 helmet
rElec    +         Reflect  .   R - +0 cloak {+Inv}
rCorr    .         Harm     .   I - +1 pair of gloves
MR       ++...                  C - +0 pair of boots
Stlth    +.........             d - amulet of magic regeneration
HPRegen  1.01/turn              r - ring of wizardry
MPRegen  0.52/turn              J - ring "Vitau" {rElec rF+ MP+9}

@: no status effects
A: fangs 3, regeneration 2, magic shield, antimagic bite, no potion heal 3, rot
immunity
a: Receive Corpses, Torment, Brand Weapon With Pain, Receive Necronomicon,
Renounce Religion, Evoke Invisibility


You were on level 2 of the Orcish Mines.
You worshipped Kikubaaqudgha.
Kikubaaqudgha was exalted by your worship.
You were not hungry.

You visited 4 branches of the dungeon, and saw 21 of its levels.

You collected 1450 gold pieces.

Inventory:

Hand Weapons
 a - a +3 mace of freezing (weapon)
 e - a +0 hunting sling
 q - a +1 mace of draining
 P - a +2 war axe of freezing
Missiles
 f - 510 stones (quivered)
 t - 169 sling bullets
 W - 3 throwing nets
Armour
 h - a +2 ring mail of magic resistance (worn)
 i - a +0 shield (worn)
 C - a +0 pair of boots (worn)
 I - a +1 pair of gloves (worn)
 O - a +1 leather armour of cold resistance
 Q - a +0 helmet (worn)
 R - a +0 cloak of invisibility (worn)
Magical Staves
 k - an uncursed staff of wizardry
Jewellery
 d - an amulet of magic regeneration (around neck)
 m - an uncursed ring of fire
 r - a ring of wizardry (left hand)
 z - an uncursed ring of protection from magic
 A - an uncursed ring of resist corrosion
 B - an uncursed amulet of rage
 J - the ring "Vitau" (right hand) {rElec rF+ MP+9}
   (You found it on level 6 of the Dungeon)

   [ring of protection from fire]

   It protects you from fire.
   It insulates you from electricity.
   It affects your magic capacity (+9).
 N - an uncursed ring of ice
Wands
 l - a wand of disintegration (7)
 n - a wand of paralysis (9)
 y - a wand of iceblast (6)
 D - a wand of clouds (5)
 G - a wand of polymorph (12)
Scrolls
 b - a scroll of blinking
 g - a scroll of immolation
 s - 8 scrolls of teleportation
 u - 9 scrolls of remove curse
 E - 7 scrolls of identify
 K - a scroll of magic mapping
 L - a scroll of torment
 U - 2 scrolls of summoning
 X - 2 scrolls of fog
Potions
 j - 3 potions of haste
 o - 7 potions of might
 p - 9 potions of flight
 w - 2 potions of brilliance
 x - a potion of ambrosia
 F - 2 potions of cancellation
 M - 3 potions of lignification
 S - 2 potions of agility
 V - 3 potions of curing
 Y - a potion of berserk rage
 Z - 3 potions of invisibility
Comestibles
 c - 32 rations
 v - 6 chunks of flesh


   Skills:
 - Level 6.5 Fighting
 - Level 10.8 Maces & Flails
 - Level 2.5 Armour
 - Level 1.5 Dodging
 - Level 2.4 Stealth
 * Level 12.2 Shields
 - Level 12.0 Spellcasting
 - Level 1.0 Charms
 - Level 1.2 Summonings
 - Level 11.8 Necromancy


You had 6 spell levels left.
You knew the following spells:

 Your Spells              Type           Power        Failure   Level  Hunger
a - Pain                  Necr           ####         1%          1    None
b - Animate Skeleton      Necr           N/A          1%          1    None
c - Vampiric Draining     Necr           ######....   1%          3    None
d - Regeneration          Chrm/Necr      ####......   1%          3    None
e - Sublimation of Blood  Necr           ######....   1%          2    None
f - Animate Dead          Necr           N/A          1%          4    ##.....
g - Borgnjor's Vile Clut  Necr/Erth      ####......   19%         5    ####...
h - Dispel Undead         Necr           ######..     1%          5    ####...
i - Death Channel         Necr           ######....   9%          6    ######.
j - Summon Butterflies    Summ           ###.....     4%          1    None

Your spell library contained the following spells:

 Spells                   Type           Power        Failure   Level  Hunger
 Summon Small Mammal      Summ           ###.         4%          1    None
 Call Imp                 Summ           ###.....     7%          2    None
 Confusing Touch          Hex            ##....       8%          1    None
 Freeze                   Ice            ##..         8%          1    None
 Magic Dart               Conj           ##..         8%          1    None
 Shock                    Conj/Air       ##..         8%          1    None
 Swiftness                Chrm/Air       ##......     10%         2    None
 Poisonous Vapours        Pois/Air       ##....       12%         2    None
 Searing Ray              Conj           ##....       12%         2    None
 Throw Frost              Conj/Ice       ##....       12%         2    None
 Call Canine Familiar     Summ           ###.....     14%         3    None
 Summon Guardian Golem    Hex/Summ       ##......     17%         3    None
 Ozocubu's Armour         Chrm/Ice       ##......     19%         3    None
 Bolt of Draining         Conj/Necr      ####......   19%         5    ####...
 Confuse                  Hex            ##......     22%         3    None
 Dazzling Spray           Conj/Hex       ##....       22%         3    None
 Gell's Gravitas          Tloc           ##........   22%         3    None
 Static Discharge         Conj/Air       ##......     22%         3    None
 Summon Ice Beast         Ice/Summ       ##......     50%         4    ##.....
 Summon Lightning Spire   Summ/Air       ##......     50%         4    ##.....
 Airstrike                Air            ##........   56%         4    ##.....
 Force Lance              Conj/Tloc      ##......     56%         4    ##.....
 Fulminant Prism          Conj/Hex       ##........   56%         4    ##.....
 Iskenderun's Mystic Bla  Conj           ##......     56%         4    ##.....
 Petrify                  Tmut/Erth      ##......     56%         4    ##.....
 Throw Icicle             Conj/Ice       ##......     56%         4    ##.....
 Summon Mana Viper        Hex/Summ       ##......     82%         5    ####...
 Lightning Bolt           Conj/Air       ##........   88%         5    ####...
 Metabolic Englaciation   Hex/Ice        ##........   88%         5    ####...
 Yara's Violent Unravell  Hex/Tmut       ##........   88%         5    ####...
 Freezing Cloud           Conj/Ice/Air   ##........   100%        6    ######.
 Summon Hydra             Summ           ###.......   100%        7    #######


Dungeon Overview and Level Annotations

Branches:
Dungeon (12/15)            Temple (1/1) D:6            Lair (6/6) D:9
 Shoals (0/4) Lair:4        Snake (0/4) Lair:4        Slime (0/5) Lair:6
    Orc (2/2) D:12            Elf (0/3) Orc:2

Altars:
Ashenzari
Cheibriados
Dithmenos
Elyvilon
Fedhas
Gozag
Hepliaklqana
Kikubaaqudgha
Makhleb
Nemelex Xobeh
Okawaru
Qazlal
Ru
Sif Muna
Trog
Uskayaw
Vehumet
Wu Jian
Xom
Yredelemnul
Zin
The Shining One

Shops:
D:6 =   Orc:2 :

Annotations:
D:4 rock loot
D:9 2 transporters


Innate Abilities, Weirdness & Mutations

You have razor-sharp teeth.
You heal very quickly.
When hurt, damage is shared between your health and your magic reserves.
Your bite disrupts and absorbs the magic of your enemies.
Potions cannot restore your health.
You are immune to rotting.


Message History

You hit the two-headed ogre. You freeze the two-headed ogre.
You bite the two-headed ogre. You drain its power.
You feel invigorated.
The two-headed ogre is heavily wounded.
The two-headed ogre hits you with a +0 giant spiked club.
You block the two-headed ogre's attack.
Casting: Pain (safe; 1% risk of failure)
Confirm with . or Enter, or press ? or * to list all spells.
Aiming: Borgnjor's Vile Clutch (quite dangerous; 19% risk of failure)
Press: ? - help, Dir - move target cursor, f - ogre mage
Aim: an ogre mage, wearing a +0 robe Decaying hands burst forth from the earth!
Zombie hands grab the ogre mage.
Zombie hands grab the two-headed ogre.
The zombie hands constrict the ogre mage.
The zombie hands constrict the two-headed ogre!
The two-headed ogre struggles to escape constriction.
The ogre mage gestures at you while chanting.
The crystal spear hits you!!!
Ouch! That really hurt!
You die...
Kikubaaqudgha rasps: "You have failed me!
Welcome... death!"

.....# .. ....#### ........
.....#.# .... .... #
...∩..####.........##.##
.......#....... ....#..#
.....<........# ......### #
.#..........### #.....#.#.#
###......>...#####O.........
##...........##.@.O)O......#
#...........#...)...........
##..<........)).....)).#..
.......#...........)####
.....###.........)†.#
...##.#####.......### ...# #
#........#.## ...####
#...........#
......####..........###


You could see a two-headed ogre, an ogre mage and an ogre.

Vanquished Creatures
  7 hydras
  A centaur warrior (D:12)
  5 two-headed ogres
  12 death yaks
  Urug (Orc:2)
  Sonja (Lair:1)
  Nergalle (Lair:1)
  An unseen horror (D:10)
  A manticore (Lair:6)
  3 black mambas
  A centaur zombie (D:11)
  Maurice (D:8)
  3 elephants (Lair:5)
  2 gargoyles
  8 spiny frogs
  A rime drake (Lair:5)
  An efreet (D:9)
  6 komodo dragons
  3 trolls
  Prince Ribbit (D:8)
  20 blink frogs
  7 hippogriffs
  A wraith (D:11)
  31 yaks
  4 hogs (D:7)
  A human (D:7)
  A wyvern (D:9)
  2 hungry ghosts
  7 water moccasins
  Menkaure (D:4)
  A warg (Orc:2)
  2 nagas (Lair:4)
  6 porcupines
  6 orc warriors
  6 sky beasts
  4 ice beasts
  A black bear (D:9)
  An eye of draining (D:9)
  2 necrophages
  10 ogres
  5 phantoms
  11 wolves
  5 centaurs
  7 crocodiles
  Blork the orc (D:4)
  2 big kobolds
  17 bullfrogs
  A water moccasin skeleton (D:6)
  3 scorpions
  5 killer bees
  2 electric eels (Lair:3)
  3 wights (D:6)
  9 crimson imps
  A howler monkey (D:4)
  2 bullfrog skeletons
  7 jellies
  7 orc priests
  5 hounds
  14 orc wizards
  4 centaur skeletons
  Jessica (D:2)
  2 iguanas
  Natasha (D:2)
  9 worker ants
  2 hound zombies
  A howler monkey zombie (D:10)
  A worker ant zombie (D:9)
  16 adders
  3 shadow imps
  An ooze (D:5)
  2 adder zombies (D:9)
  2 adder skeletons
  4 worms
  2 dart slugs (D:3)
  A leopard gecko (D:3)
  56 orcs
  A ball python (D:2)
  9 bats
  2 giant cockroaches
  6 goblins
  8 hobgoblins
  21 jackals
  3 quokkas
  4 frilled lizards
  15 kobolds
  A leopard gecko skeleton (D:9)
  8 rats
467 creatures vanquished.

Vanquished Creatures (collateral kills)
  A hydra (Lair:6)
  3 catoblepae (Lair:6)
  5 death yaks (Lair:6)
  A slime creature (Lair:6)
  An ugly thing (D:11)
  A manticore (Lair:6)
  A black mamba (Lair:6)
  A spiny frog (Lair:6)
  A blink frog (Lair:6)
  A hippogriff (Lair:6)
  A wyvern (D:11)
  18 yaks
  A human (D:8)
  A water moccasin (Lair:6)
  A necrophage (D:11)
  An orc priest (D:11)
  A worker ant (D:11)
  2 fungi (Lair:6)
  5 plants
47 creatures vanquished.

Vanquished Creatures (others)
  A bush (Lair:6)
  7 fungi
  23 plants
31 creatures vanquished.

Grand Total: 545 creatures vanquished

Notes
Turn   | Place    | Note
-------+----------+-------------------------------------------
     0 | D:1      | 1994 the Vine Stalker Necromancer began the quest for the
                  | Orb.
     0 | D:1      | Reached XP level 1. HP: 9/9 MP: 4/4
    68 | D:1      | Learned a level 1 spell: Animate Skeleton
   807 | D:1      | Reached XP level 2. HP: 13/13 MP: 6/6
  1938 | D:2      | Reached XP level 3. HP: 14/16 MP: 8/8
  1979 | D:2      | Reached skill level 1 in Maces & Flails
  2394 | D:2      | Found a shimmering altar of Xom.
  2431 | D:2      | Learned a level 3 spell: Vampiric Draining
  2445 | D:2      | Learned a level 3 spell: Regeneration
  2639 | D:2      | Noticed Natasha
  2680 | D:2      | Killed Natasha
  2680 | D:2      | Gained mutation: Your natural rate of healing is unusually
                  | fast. [Vine Stalker growth]
  2680 | D:2      | Reached XP level 4. HP: 5/21 MP: 5/9
  2860 | D:2      | Noticed Jessica
  2877 | D:2      | Killed Jessica
  3070 | D:3      | Reached XP level 5. HP: 24/24 MP: 7/11
  3508 | D:3      | Found a glowing golden altar of the Shining One.
  3508 | D:3      | Found an opulent altar of Gozag.
  3514 | D:3      | Reached skill level 5 in Necromancy
  3515 | D:3      | Found a sparkling altar of Nemelex Xobeh.
  3515 | D:3      | Found an ornate altar of the Wu Jian Council.
  3521 | D:3      | Found a shadowy altar of Dithmenos.
  3897 | D:4      | Noticed Blork the orc
  3916 | D:4      | Killed Blork the orc
  3916 | D:4      | Reached skill level 1 in Charms
  3916 | D:4      | Reached XP level 6. HP: 13/28 MP: 6/12
  3984 | D:4      | Noticed a phantom
  4027 | D:4      | Killed a phantom
  4201 | D:4      | Reached XP level 7. HP: 31/32 MP: 14/14
  4296 | D:4      | Noticed Menkaure
  4413 | D:4      | Killed Menkaure
  4646 | D:4      | Reached skill level 5 in Spellcasting
  4765 | D:5      | Entered Level 5 of the Dungeon
  4998 | D:5      | Gained mutation: You have razor-sharp teeth. [Vine Stalker
                  | growth]
  4998 | D:5      | Reached XP level 8. HP: 36/36 MP: 17/17
  5335 | D:5      | Reached skill level 5 in Maces & Flails
  5338 | D:5      | Found a stormy altar of Qazlal.
  5918 | D:6      | Found a white marble altar of Elyvilon.
  6034 | D:6      | Got a wavering jade ring
  6039 | D:6      | Identified the ring "Vitau" {rElec rF+ MP+9} (You found it
                  | on level 6 of the Dungeon)
  6208 | D:6      | Reached XP level 9. HP: 9/40 MP: 19/20
  6300 | D:6      | Reached skill level 1 in Fighting
  6314 | D:6      | Found Louh's Jewellery Shop.
  6339 | D:6      | Found a staircase to the Ecumenical Temple.
  6435 | Temple   | Entered the Ecumenical Temple
  6501 | Temple   | Became a worshipper of Kikubaaqudgha
  6896 | D:7      | Got a twisted leather armour
  6945 | D:7      | Identified the +2 leather armour of Wu Jian's Regard {rN+}
                  | (You found it on level 7 of the Dungeon)
  6979 | D:7      | Found a hide-covered altar of Uskayaw.
  6982 | D:7      | Noticed a +0 dagger
  6982 | D:7      | Noticed a +0 hand axe
  7489 | D:7      | Reached * piety under Kikubaaqudgha
  7489 | D:7      | Identified Kikubaaqudgha's Papyrus of Evil Secrets
                  | (Kikubaaqudgha gifted it to you on level 7 of the Dungeon)
  7489 | D:7      | Received a gift from Kikubaaqudgha
  7528 | D:7      | Reached XP level 10. HP: 46/48 MP: 23/23
  7532 | D:7      | Learned a level 2 spell: Sublimation of Blood
  7640 | D:7      | Learned a level 4 spell: Animate Dead
  7766 | D:8      | Noticed Harold
  7780 | D:8      | Noticed Maurice
  7949 | D:8      | Noticed Harold
  7949 | D:8      | Harold changed into Harold the wind drake
  7953 | D:8      | Noticed Harold
  7953 | D:8      | Harold the wind drake changed into Harold the spiny frog
  7958 | D:8      | Noticed Harold
  7958 | D:8      | Harold the spiny frog changed into Harold the human
  7959 | D:8      | Killed Harold the human
  8002 | D:8      | Killed Maurice
  8049 | D:8      | Noticed Prince Ribbit
  8059 | D:8      | Killed Prince Ribbit
  8180 | D:8      | Noticed a two-headed ogre
  8191 | D:8      | Killed a two-headed ogre
  8929 | D:9      | Found a staircase to the Lair.
  8980 | D:8      | Reached ** piety under Kikubaaqudgha
  9058 | D:8      | Reached XP level 11. HP: 39/53 MP: 14/25
  9134 | D:9      | Reached skill level 10 in Necromancy
  9299 | D:9      | Found a transporter.
  9302 | D:9      | Found a transporter.
  9339 | D:9      | Found a glowing silver altar of Zin.
  9753 | D:10     | Entered Level 10 of the Dungeon
  9790 | D:10     | Reached *** piety under Kikubaaqudgha
  9790 | D:10     | Identified Kikubaaqudgha's Compendium of Dark Rites
                  | (Kikubaaqudgha gifted it to you on level 10 of the Dungeon)
  9790 | D:10     | Received a gift from Kikubaaqudgha
  9840 | D:10     | Learned a level 5 spell: Borgnjor's Vile Clutch
  9905 | D:10     | Reached skill level 1 in Shields
  9941 | D:10     | Killed an unseen horror
  9997 | D:10     | Learned a level 5 spell: Dispel Undead
 10055 | D:10     | Reached skill level 10 in Spellcasting
 10144 | D:10     | Noticed a two-headed ogre
 10467 | D:9      | Killed a two-headed ogre
 10899 | Lair:1   | Entered Level 1 of the Lair of Beasts
 10953 | Lair:1   | Noticed Sonja
 10974 | Lair:1   | HP: 2/54 [hippogriff (4)]
 11098 | Lair:1   | Noticed Nergalle
 11127 | Lair:1   | Killed Nergalle
 11127 | Lair:1   | Reached skill level 5 in Fighting
 11136 | Lair:1   | You fall through a shaft!
 11166 | Lair:2   | Noticed a five-headed hydra
 11179 | Lair:2   | Killed a five-headed hydra
 11282 | Lair:2   | Gained mutation: You heal very quickly. [Vine Stalker
                  | growth]
 11282 | Lair:2   | Reached XP level 12. HP: 53/60 MP: 27/27
 11717 | Lair:1   | Reached **** piety under Kikubaaqudgha
 12206 | Lair:1   | Killed Sonja
 13245 | Lair:3   | Identified a scroll of acquirement
 13250 | Lair:3   | Got a translucent crystal plate armour
 13251 | Lair:3   | Identified the +11 crystal plate armour "Zeikur" {*Drain
                  | MR- Regen+ Int+6} (You acquired it on level 3 of the Lair
                  | of Beasts)
 13564 | Lair:3   | Reached skill level 1 in Armour
 14126 | Lair:4   | Found a staircase to the Snake Pit.
 14143 | Lair:4   | Noticed a seven-headed hydra
 14257 | Lair:3   | Killed a seven-headed hydra
 14257 | Lair:3   | Reached skill level 10 in Maces & Flails
 14257 | Lair:3   | Reached skill level 5 in Shields
 14381 | Lair:4   | Found a staircase to the Shoals.
 14755 | Lair:4   | Reached XP level 13. HP: 62/65 MP: 29/29
 16031 | Lair:5   | Reached ***** piety under Kikubaaqudgha
 16042 | Lair:5   | Found a stormy altar of Qazlal.
 16592 | Lair:6   | Entered Level 6 of the Lair of Beasts
 17127 | Lair:6   | Learned a level 6 spell: Death Channel
 17257 | Lair:6   | Reached XP level 14. HP: 52/70 MP: 25/31
 17299 | Lair:6   | Found a staircase to the Slime Pits.
 17406 | Lair:6   | Reached skill level 10 in Shields
 17591 | Lair:6   | Identified Vaeckom's Disquisition on Lightness
 18610 | D:11     | Learned a level 1 spell: Summon Butterflies
 19328 | D:12     | Found a staircase to the Orcish Mines.
 19357 | D:12     | Reached skill level 1 in Summonings
 19485 | D:12     | Reached ****** piety under Kikubaaqudgha
 19834 | Orc:1    | Entered Level 1 of the Orcish Mines
 19999 | Orc:2    | Entered Level 2 of the Orcish Mines
 19999 | Orc:2    | Found Quteet's Book Emporium.
 19999 | Orc:2    | Found a staircase to the Elven Halls.
 20100 | Orc:2    | Noticed Urug
 20142 | Orc:2    | Killed Urug
 20438 | Orc:2    | Killed from afar by an ogre mage

Skill      XL: |  1  2  3  4  5  6  7  8  9 10 11 12 13 14 |
---------------+-------------------------------------------+-----
Maces & Flails | 1 2 3 4 5 6 8 9 10 | 10.8
Spellcasting   | 3 4 5 6 8 9 10 11 12 | 12.0
Necromancy     | 5 6 7 8 9 10 11 | 11.8
Charms         | 1 |  1.0
Fighting       | 2 4 5 6 |  6.5
Shields        | 3 5 9 12 | 12.2
Armour         | 2 |  2.5
Summonings     | 1 |  1.2
Dodging        | |  1.5
Stealth        | |  2.4

Action                   |  1- 3 |  4- 6 |  7- 9 | 10-12 | 13-15 || total
-------------------------+-------+-------+-------+-------+-------++-------
Melee: Unarmed           |    23 |       |       |       |       ||    23
       Bite              |    11 |    42 |   131 |   252 |   260 ||   696
       Dagger            |    29 |   119 |   337 |     5 |       ||   490
       Whip              |       |    28 |   113 |       |       ||   141
       Mace              |       |       |   100 |   845 |   660 ||  1605
       War axe           |       |       |       |    15 |       ||    15
 Fire: Hunting sling     |     1 |    10 |       |       |       ||    11
Throw: Stone             |     7 |     1 |       |     3 |     5 ||    16
       Tomahawk          |     1 |       |       |       |       ||     1
       Throwing net      |       |       |       |     2 |       ||     2
 Cast: Pain              |    24 |    18 |    27 |    73 |    81 ||   223
       Animate Skeleton  |     2 |       |     2 |     5 |     5 ||    14
       Regeneration      |       |     1 |     6 |    34 |    37 ||    78
       Vampiric Draining |       |       |    16 |   100 |   121 ||   237
       Sublimation of Bl |       |       |       |    18 |    44 ||    62
       Dispel Undead     |       |       |       |     1 |     3 ||     4
       Borgnjor's Vile C |       |       |       |       |    16 ||    16
       Death Channel     |       |       |       |       |     6 ||     6
       Summon Butterflie |       |       |       |       |     1 ||     1
 Abil: Evoke Flight      |       |       |       |     1 |       ||     1
Evoke: Wand              |       |       |       |    13 |       ||    13
  Use: Scroll            |       |     9 |     4 |    18 |     5 ||    36
       Potion            |       |       |       |     3 |       ||     3
 Stab: Sleeping          |     2 |     5 |     1 |     1 |       ||     9
       Distracted        |       |       |       |     3 |     6 ||     9
       Betrayed ally     |       |       |       |     1 |       ||     1
  Eat: Ration            |     1 |       |       |     4 |     1 ||     6
       Chunk             |     2 |     5 |    13 |    16 |    24 ||    60
Armor: Robe              |    11 |       |       |       |       ||    11
       Ring mail         |     1 |    51 |   261 |   451 |   220 ||   984
       Leather armour    |       |       |     1 |       |       ||     1
Dodge: Dodged            |    43 |    78 |   284 |   510 |   242 ||  1157
Block: Shield            |       |       |       |   130 |   395 ||   525
